 Dungeon Crawl Stone Soup version 0.30.1-11-g7821555f0a (webtiles) character file.

Game seed: 2983574437656242319

33 Ijustatesigmund the Digger (level 3, -1/20 HPs)
             Began as a Deep Elf Earth Elementalist on Dec 11, 2023.
             Slain by Natasha (9 damage)
             ... on level 3 of the Dungeon.
             The game lasted 00:01:13 (1248 turns).

Ijustatesigmund the Digger (DEEE)                   Turns: 1248, Time: 00:01:14

Health: -1/20      AC:  2    Str:  5    XL:     3   Next: 12%
Magic:  6/10       EV: 12    Int: 21    God:
Gold:   94         SH:  0    Dex: 15    Spells: 5/9 levels left

rFire   . . .        c - +0 short sword
rCold   . . .        (no shield)
rNeg    . . .        a - +0 robe
rPois   .            (no helmet)
rElec   .            (no cloak)
rCorr   .            (no gloves)
SInv    .            (no boots)
Will    .....        (no amulet)
Stlth   ++           (no ring)
HPRegen 0.23/turn    (no ring)
MPRegen 0.12/turn

%: no passive effects
@: slowed, very slow
A: no striking features
a: no special abilities


You were on level 3 of the Dungeon.
You visited 1 branch of the dungeon, and saw 3 of its levels.

You collected 94 gold pieces.

Inventory:

Hand Weapons
 c - a +0 short sword (weapon)
Armour
 a - a +0 robe (worn)
Scrolls
 d - a scroll of amnesia {unknown}
 e - a scroll of identify {unknown}
Potions
 b - a potion of magic
 f - a potion of experience {unknown}


   Skills:
 + Level 1.1 Fighting
 - Level 2.4 Dodging
 - Level 2.4 Stealth
 + Level 3.7 Spellcasting
 + Level 0.1 Conjurations
 - Level 1.1 Transmutations
 + Level 3.8 Earth Magic


You had 5 spell levels left.
You knew the following spells:

 Your Spells              Type           Power      Damage    Failure   Level
a - Sandblast             Erth           40%        2d10      2%          1
b - Stone Arrow           Conj/Erth      24%        3d8       16%         3

Your spell library contained the following spells:

 Spells                   Type           Power      Damage    Failure   Level
 Passwall                 Tmut/Erth      11%        N/A       7%          2
 Magic Dart               Conj           16%        1d3       12%         1
 Call Imp                 Summ           6%         N/A       19%         2
 Mephitic Cloud           Conj/Pois/Air  4%         N/A       36%         3
 Petrify                  Tmut/Erth      14%        N/A       41%         4


Dungeon Overview and Level Annotations

Branches:
Dungeon (2/15)

Altars:

Annotations:
D:3 Natasha


Message History

The cerulean imp is almost dead.
The cerulean imp hits you from afar with a +1 spear.
Casting: Sandblast (safe; 2% risk of failure)
Confirm with . or Enter, or press ? or * to list all spells.
Aiming: Sandblast (safe; 2% risk of failure)
Press: ? - help, Shift-Dir - straight line, f/p - cerulean imp
Aim: a cerulean imp, wielding a +1 spear (almost dead, summoned, 74% to hit)
The blast of sand hits the cerulean imp!
You kill the cerulean imp!
The cerulean imp disappears in a puff of smoke!
Natasha casts a spell.
Natasha extends her claws.
Casting: Sandblast (safe; 2% risk of failure)
Confirm with . or Enter, or press ? or * to list all spells.
Aiming: Sandblast (safe; 2% risk of failure)
Press: ? - help, Shift-Dir - straight line, f - cerulean imp
Aim: a cerulean imp, wielding a +0 spear (summoned, 74% to hit)
The blast of sand hits the cerulean imp!
You kill the cerulean imp!
The cerulean imp disappears in a puff of smoke!
Natasha growls.
Natasha casts a spell at you.
You feel yourself slow down.
Casting: Sandblast (safe; 2% risk of failure)
Confirm with . or Enter, or press ? or * to list all spells.
Aiming: Sandblast (safe; 2% risk of failure)
Press: ? - help, Shift-Dir - straight line, f - Natasha
Aim: Natasha (79% to hit)
The blast of sand misses Natasha.
Natasha stares at you and mumbles some strange words.
The magic dart hits you!
Casting: Sandblast (safe; 2% risk of failure)
Confirm with . or Enter, or press ? or * to list all spells.
Aiming: Sandblast (safe; 2% risk of failure)
Press: ? - help, Shift-Dir - straight line, f/p - Natasha
Aim: Natasha (79% to hit)
The blast of sand hits Natasha!
Natasha is severely wounded.
Natasha completely misses you. Natasha claws you!
You die...

.. #.##### ......#
......# ##+## ......#
##...## ......###.....##
......##....)..## .
......#.^.......####....
......'.........@h......
......#.........####....
..(...########### .
..##..#~≈~~~~≈
..###....†.... .##
###~≈~~~≈≈ ## ######## #
#...# # #.#.#


You could see Natasha.

Vanquished Creatures
  2 dart slugs
  A ball python (D:1)
  An endoplasm (D:1)
  4 giant cockroaches (D:1)
  A goblin (D:1)
  2 hobgoblins (D:1)
  5 quokkas (D:1)
  2 bats (D:1)
  4 kobolds
  2 rats (D:1)
24 creatures vanquished.

Notes
Turn   | Place    | Note
-------+----------+-------------------------------------------
     0 | D:1      | Ijustatesigmund the Deep Elf Earth Elementalist began the
                  | quest for the Orb.
     0 | D:1      | Reached XP level 1. HP: 10/10 MP: 6/6
   223 | D:1      | Reached XP level 2. HP: 14/16 MP: 4/8
   503 | D:1      | Reached skill level 1 in Fighting
   963 | D:1      | Reached XP level 3. HP: 20/20 MP: 8/10
   967 | D:1      | Learned a level 3 spell: Stone Arrow
  1138 | D:2      | You fall into a shaft and drop 1 floor!
  1242 | D:3      | Noticed Natasha
  1248 | D:3      | Slain by Natasha

Illustrated notes

Levels and vault maps discovered:
D:1:      dpeg_arrival_water_fire, layout_loops_ring, st_stairs_8,
          minmay_worlds_worst_comb
D:2:      layout_basic, basic_altar
D:3:      gammafunk_wand_slinger, layout_loops_corners,
          mainiacjoe_overflow_catch_the_wave, chequers_serial_rivers_room_a,
          amcnicky_mini_rare_corridor_liquid, uniq_grinder,
          uniq_crazy_yiuf_cottage, uniq_natasha

Skill      XL: |  1  2 |
---------------+-------+-----
Fighting       | 1 |  1.1
Dodging        | |  2.4
Stealth        | |  2.4
Spellcasting   | |  3.7
Conjurations   | |  0.1
Transmutations | |  1.1
Earth Magic    | |  3.8

Action                     || total
---------------------------++-------
   Cast: Sandblast         ||    38
 Armour: Robe              ||     3
  Dodge: Dodged            ||     5
